 Dungeon Crawl Stone Soup version 0.31-a0-854-g362426d53f (webtiles) character file.

Game seed: 2716376225553787204

193 Azuregosa the Changeling (level 5, -2/35 HPs)
             Began as an Octopode Shapeshifter on Oct 8, 2023.
             Killed from afar by an electric eel (14 damage)
             ... with a bolt of electricity
             ... on level 4 of the Dungeon.
             The game lasted 00:10:45 (1920 turns).

Azuregosa the Changeling (Octopode Shapeshifter)    Turns: 1920, Time: 00:10:45

Health: -2/35      AC:  1    Str: 18    XL:     5   Next: 72%
Magic:  5/5        EV: 13    Int: 13    God:
Gold:   181        SH:  0    Dex:  9    Spells: 3/4 levels left

rFire   . . .        l - +8 dagger of the Inferno {vamp, Str+5 Dex-4}
rCold   + . .        (no shield)
rNeg    . . .        (helmet currently unavailable)
rPois   .            n - amulet of regeneration
rElec   .            i - ring of protection from cold
rCorr   .            (no ring)
SInv    .            (no ring)
Will    .....        (no ring)
Stlth   ++           (no ring)
HPRegen 1.05/turn    (no ring)
MPRegen 0.09/turn    (no ring)
                     (no ring)

%: no passive effects
@: beast-form
A: beast (slay +2), almost no armour, amphibious, 8 rings, camouflage 1,
gelatinous body 1, (nimble swimmer 1), tentacles
a: Begin Untransformation


You were on level 4 of the Dungeon.
You were a hulking beast.
You visited 1 branch of the dungeon, and saw 4 of its levels.

You collected 181 gold pieces.

Inventory:

Hand Weapons
 l - the +8 dagger of the Inferno (weapon) {vamp, Str+5 Dex-4}
   (You found it on level 2 of the Dungeon)

   Str+5:     It affects your strength (+5).
   Dex-4:     It affects your dexterity (-4).
 q - a +1 whip of venom
Jewellery
 i - a ring of protection from cold (left tentacle)
 n - an amulet of regeneration (around mantle)
Talismans
 b - a beast talisman (active)
 c - a flux talisman
Wands
 t - a wand of flame (28)
Scrolls
 d - 2 scrolls of immolation {unknown}
 f - 4 scrolls of teleportation {unknown}
 h - a scroll of acquirement {unknown}
 m - 2 scrolls of revelation {unknown}
 p - 3 scrolls of amnesia {unknown}
 s - a scroll of identify {unknown}
Potions
 a - a potion of lignification
 e - 3 potions of curing {unknown}
 g - a potion of magic {unknown}
 j - 2 potions of haste {unknown}
 k - a potion of degeneration {unknown}
 o - a potion of mutation {unknown}
 r - a potion of attraction {unknown}


   Skills:
 + Level 2.7 Fighting
 + Level 1.9 Short Blades
 + Level 3.2 Dodging
 - Level 3.3 Unarmed Combat
 + Level 3.9 Shapeshifting


You had 3 spell levels left.
You knew the following spells:

 Your Spells              Type           Power      Damage    Failure   Level
a - Shock                 Conj/Air       0%         1d3       30%         1

Your spell library contained the following spells:

 Spells                   Type           Power      Damage    Failure   Level
 Slow                     Hex            0%         N/A       30%         1
 Lesser Beckoning         Tloc           0%         N/A       43%         2
 Call Canine Familiar     Summ           0%         N/A       67%         3
 Confusing Touch          Hex            0%         N/A       67%         3
 Gell's Gravitas          Tloc           0%         N/A       67%         3
 Sigil of Binding         Hex            0%         N/A       67%         3
 Swiftness                Air            0%         N/A       67%         3
 Teleport Other           Tloc           0%         N/A       67%         3
 Vampiric Draining        Necr           0%         2d6       67%         3
 Airstrike                Air            0%         2d(0-16)  97%         4
 Dimensional Bullseye     Hex/Tloc       0%         N/A       97%         4
 Leda's Liquefaction      Hex/Erth       0%         N/A       97%         4
 Dispersal                Tloc           0%         N/A       100%        6


Dungeon Overview and Level Annotations

Branches:
Dungeon (4/15)
 Temple: D:4-7

Altars:

Annotations:
D:4 1 transporter


Innate Abilities, Weirdness & Mutations

You are a hulking beast.
Your limbs bulge with bestial killing power. (Slay +2)
You cannot wear most types of armour.
You are amphibious.
You can wear up to eight rings at the same time.
Your skin changes colour to match your surroundings (Stealth+).
Your rubbery body absorbs attacks. (AC +1, EV +1)
((You are camouflaged when in or above water. (Stealth+)))
You have tentacles for arms and can constrict up to eight enemies at once.


Message History

Done exploring.
What level of the Dungeon? (default 2, ? - help) You're already here!
What level of the Dungeon? (default 3, ? - help)
You see here a +0 leather armour.
There is a stone staircase leading down here.
You climb downwards.
There is a stone staircase leading up here.
Found a stone staircase leading down.
You now have 181 gold pieces (gained 11).
m - 2 scrolls labelled BIMAPN VUYS (gained 1)
Found a transporter.
A goblin comes into view. It is wielding a +0 dagger.
Found a book of Displacement and 6 stones.
Press: ? - help, v - describe, . - travel A transporter landing site.
There is a transporter landing site here.
Found a scroll labelled PIUNOR TOLOASM.
The goblin shouts!
The goblin closely misses you.
You puncture the goblin!
You kill the goblin!
You see here a +0 dagger.
You see here a book of Displacement.
p - 3 scrolls labelled PIUNOR TOLOASM (gained 1)
Found a wand of flame (28).
Found a transporter.
Found 9 gold pieces.
Found 12 gold pieces.
There is a transporter here.
You enter the transporter and appear at another place.
There is a transporter landing site here.
t - a wand of flame (28)
There are no items here.
As you open the door, it creaks loudly!
The electric eel shoots out a bolt of lightning at you!
The bolt of electricity hits you! x2
The electric eel shoots out a bolt of lightning at you!
The bolt of electricity hits you!
You die...

########.#### #.#. ....
...>......... .$. ......
#..<........# #.# ......
#.#######.#.###.##..... #
#.#.##..$...... . ##
#.#....©....# #. #.
#.#.#######.# ... #.
#.#.#8.©.8#.# .... #.
#####.#.#P..hP#.# .....##.
...#.#.###'###.# ........
#.#.#.#S...~#..... .....##.
#.....#S...~#..... #......#
#.....#~~~~~#.###.###.####.
#####.....#~~♣~~#...
....####.
..#.........#~~~~~#.##.
#.......
........#...#~~~~~#.#
##.####.
..^.....(...#~~P~~#.# #.


You could see 2 electric eels.

Vanquished Creatures
  A jelly (D:4)
  An orc priest (D:3)
  A hound (D:3)
  3 adders
  An ufetubus (D:4)
  2 dart slugs (D:3)
  3 orcs (D:3)
  2 bats
  9 endoplasms
  A giant cockroach (D:1)
  7 goblins
  8 hobgoblins
  A quokka (D:2)
  10 ball pythons
  5 frilled lizards
  7 kobolds
  3 rats
65 creatures vanquished.

Notes
Turn   | Place    | Note
-------+----------+-------------------------------------------
     0 | D:1      | Azuregosa the Octopode Shapeshifter began the quest for the
                  | Orb.
     0 | D:1      | Reached XP level 1. HP: 13/13 MP: 1/1
   153 | D:1      | Reached XP level 2. HP: 10/18 MP: 2/2
   530 | D:2      | Reached XP level 3. HP: 18/23 MP: 3/3
   622 | D:2      | Identified the +8 dagger of the Inferno {vamp, Str+5 Dex-4}
  1090 | D:3      | Learned a level 1 spell: Shock
  1108 | D:3      | Reached XP level 4. HP: 29/29 MP: 4/4
  1170 | D:4      | Reached skill level 1 in Short Blades
  1256 | D:3      | Reached XP level 5. HP: 35/35 MP: 5/5
  1884 | D:4      | Found a transporter.
  1903 | D:4      | Found a transporter.
  1920 | D:4      | Killed from afar by an electric eel

Illustrated notes

Levels and vault maps discovered:
D:1:      minmay_arrival_glassed_features, layout_rooms
D:2:      layout_rooms
D:3:      layout_loops_ring, minmay_fractal_squares_5
D:4:      gammafunk_steamed_eel, layout_loops_ring,
          chequers_temple_overflow_statue_of_worship

Skill      XL: |  1  2  3  4 |
---------------+-------------+-----
Fighting       | 2 |  2.7
Short Blades   | 1 |  1.9
Dodging        | 3 |  3.2
Unarmed Combat | |  3.3
Shapeshifting  | |  3.9

Action                     |  1- 3 |  4- 6 || total
---------------------------+-------+-------++-------
  Melee: Unarmed           |    54 |       ||    54
         Constrict         |    22 |     9 ||    31
         Tentacles         |    17 |     7 ||    24
         Punch             |     1 |       ||     1
         Dagger            |    23 |    45 ||    68
   Stab: Sleeping          |     3 |     1 ||     4
 Armour: Skin              |    26 |    19 ||    45
  Dodge: Dodged            |    52 |    31 ||    83

Table legend: (Time is in decaauts)
 A = Elapsed time spent in this place.
 B = Non-inter-level travel time spent in this place.
 C = Inter-level travel time spent in this place.
 D = Time resting spent in this place.
 E = Time spent auto-exploring this place.
 F = Levels seen in this place.
 G = Mean time per level.
                   A        B        C        D        E       F      G
               +--------+--------+--------+--------+--------+-----+--------+
         Total |   1916 |   1824 |     92 |      0 |   1107 |   4 |  479.0 |
       Dungeon |   1916 |   1824 |     92 |      0 |   1107 |   4 |  479.0 |
               +--------+--------+--------+--------+--------+-----+--------+

Top non-repeatable levels by time:
     D:3: 731 daAuts
     D:2: 497 daAuts
     D:1: 497 daAuts
     D:4: 190 daAuts
